 Dungeon Crawl Stone Soup version bcrawl-1.36 (webtiles) character file.

Game seed: 3337118576338495883

160004 Mrkan the Sneak (level 5, -2/37 HPs)
             Began as a Gnoll Wanderer on Apr 17, 2022.
             Shot with an arrow by a centaur (9 damage)
             ... in the Ecumenical Temple.
             The game lasted 00:03:39 (2614 turns).

Mrkan the Sneak (Gnoll Wanderer)                    Turns: 2614, Time: 00:03:39

Health: -2/37      AC: 11    Str: 19    XL:     5   Next: 85%
Magic:  7/7        EV: 12    Int: 12    God:
Gold:   294        SH:  2    Dex: 18    Spells: 7/7 levels left

rFire    . . .     SeeInvis .   a - +2 falchion
rCold    . . .     Gourm    .   (no shield)
rNeg     . . .     Faith    .   p - +0 plate armour
rPois    .         Spirit   .   (no helmet)
rElec    .         Reflect  .   (no cloak)
rCorr    .                      m - +0 pair of gloves
MR       .....                  (no boots)
Stlth    ..........             (no amulet)
HPRegen  0.12/turn              (no ring)
MPRegen  0.10/turn              (no ring)

@: agile
A: distributed training, fangs 1, strong nose
a: no special abilities


You were in the Ecumenical Temple.
You were not hungry.

You visited 2 branches of the dungeon, and saw 5 of its levels.

You collected 294 gold pieces.

Inventory:

Hand Weapons
 a - a +2 falchion (weapon)
 c - a +0 quarterstaff
 f - a +0 dagger
Missiles
 h - 682 stones (quivered)
Armour
 d - a +0 robe
 j - a +0 pair of gloves
 m - a +0 pair of gloves (worn)
 p - a +0 plate armour (worn)
Wands
 r - a wand of paralysis (9)
Scrolls
 g - a scroll of fog {unknown}
 i - 4 scrolls of identify
 s - a scroll of immolation {unknown}
 t - 3 scrolls of remove curse {unknown}
 u - a scroll of enchant weapon {unknown}
 x - a scroll of blinking {unknown}
Potions
 k - a potion of brilliance {unknown}
 l - 3 potions of curing {unknown}
 n - 2 potions of mutation {unknown}
 o - a potion of magic {unknown}
 q - a potion of heal wounds {unknown}
 v - a potion of might {unknown}
Comestibles
 e - 5 rations {!d}


   Skills:
 + Level 1.6 Fighting
 + Level 1.6 Short Blades
 + Level 6.7 Long Blades
 + Level 1.6 Axes
 + Level 1.6 Maces & Flails
 + Level 1.6 Polearms
 + Level 3.0 Staves
 + Level 1.6 Slings
 + Level 1.6 Bows
 + Level 1.6 Crossbows
 + Level 3.0 Throwing
 + Level 1.6 Armour
 + Level 3.0 Dodging
 + Level 6.7 Stealth
 + Level 1.6 Shields
 + Level 1.6 Unarmed Combat
 + Level 1.6 Spellcasting
 + Level 1.3 Conjurations
 + Level 1.3 Hexes
 + Level 1.3 Charms
 + Level 1.3 Summonings
 + Level 1.3 Necromancy
 + Level 1.3 Translocations
 + Level 1.3 Transmutations
 + Level 1.3 Fire Magic
 + Level 1.3 Ice Magic
 + Level 1.3 Air Magic
 + Level 1.3 Earth Magic
 + Level 1.3 Poison Magic
 + Level 1.8 Invocations
 + Level 3.0 Evocations


You had 7 spell levels left.
You didn't know any spells.
Your spell library was empty.

Dungeon Overview and Level Annotations

Branches:
Dungeon (4/12)             Temple (1/1) D:4

Altars:
Hepliaklqana
Kikubaaqudgha
Makhleb
Okawaru
Qazlal
Ru
Uskayaw
Wu Jian
Xom
Yredelemnul
Zin


Innate Abilities, Weirdness & Mutations

Your experience applies equally to all skills.
You have very sharp teeth.
Your uncanny sense of smell can sniff out nearby items.


Message History

The centaur is moderately wounded.
The centaur hits you.
The worker ant bites you but does no damage.
You closely miss the centaur.
The centaur is moderately wounded.
The centaur hits you. The gnoll hits you but does no damage.
The worker ant bites you.
* * * LOW HITPOINT WARNING * * *
The centaur hits you but does no damage.
The centaur wields a +0 shortbow.
The centaur shoots an arrow.
The arrow hits you.
* * * LOW HITPOINT WARNING * * *
Found four altars.
You feel agile all of a sudden.
The centaur shoots an arrow.
The arrow hits you but does no damage. You block the worker ant's attack.
The gnoll hits you with a +2 flail of protection.
* * * LOW HITPOINT WARNING * * *
The centaur shoots an arrow.
The arrow hits you!
You die...

#§§§§..#...#...
§§§§._.8...8._..
≈≈......._.......
≈.............._.
.................
._...............
.................
#8.....@a........
.......g.........
.._......c......_
.................
#8...............
.................
._...............
.................
.._.............


You could see a centaur, a worker ant and a gnoll.

Vanquished Creatures
  An ogre (D:3)
  A crimson imp (D:3)
  An adder (D:3)
  An adder skeleton (D:3)
  A worm (D:2)
  3 dart slugs (D:1)
  3 leopard geckos (D:1)
  6 orcs (D:3)
  2 ball pythons (D:2)
  2 giant cockroaches
  5 goblins
  6 hobgoblins
  3 quokkas
  8 bats
  10 kobolds
  5 rats
58 creatures vanquished.

Notes
Turn   | Place    | Note
-------+----------+-------------------------------------------
     0 | D:1      | Mrkan the Gnoll Wanderer began the quest for the Orb.
     0 | D:1      | Mrkan set off with the following items: a +2 falchion, a
                  | potion of agility, a +0 quarterstaff, a +0 robe, a ration
                  | {!d}, a +0 dagger
     0 | D:1      | Reached XP level 1. HP: 13/13 MP: 2/2
   129 | D:1      | Reached XP level 2. HP: 18/19 MP: 3/3
   428 | D:1      | Reached XP level 3. HP: 25/25 MP: 4/4
  1002 | D:2      | Reached skill level 1 in Invocations
  1381 | D:2      | Reached skill level 1 in Fighting
  1381 | D:2      | Reached skill level 1 in Short Blades
  1381 | D:2      | Reached skill level 1 in Axes
  1381 | D:2      | Reached skill level 1 in Maces & Flails
  1381 | D:2      | Reached skill level 1 in Polearms
  1381 | D:2      | Reached skill level 1 in Slings
  1381 | D:2      | Reached skill level 1 in Bows
  1381 | D:2      | Reached skill level 1 in Crossbows
  1381 | D:2      | Reached skill level 1 in Armour
  1381 | D:2      | Reached skill level 1 in Shields
  1381 | D:2      | Reached skill level 1 in Unarmed Combat
  1381 | D:2      | Reached skill level 1 in Spellcasting
  1465 | D:2      | Found an ornate altar of the Wu Jian Council.
  1823 | D:3      | Found a faded altar of an unknown god.
  1877 | D:3      | Noticed an ogre
  1884 | D:3      | Reached XP level 4. HP: 32/32 MP: 6/6
  1894 | D:3      | Killed an ogre
  1895 | D:3      | Reached skill level 1 in Conjurations
  1895 | D:3      | Reached skill level 1 in Hexes
  1895 | D:3      | Reached skill level 1 in Charms
  1895 | D:3      | Reached skill level 1 in Summonings
  1895 | D:3      | Reached skill level 1 in Necromancy
  1895 | D:3      | Reached skill level 1 in Translocations
  1895 | D:3      | Reached skill level 1 in Transmutations
  1895 | D:3      | Reached skill level 1 in Fire Magic
  1895 | D:3      | Reached skill level 1 in Ice Magic
  1895 | D:3      | Reached skill level 1 in Air Magic
  1895 | D:3      | Reached skill level 1 in Earth Magic
  1895 | D:3      | Reached skill level 1 in Poison Magic
  1895 | D:3      | Reached XP level 5. HP: 37/37 MP: 7/7
  2596 | D:4      | Found a staircase to the Ecumenical Temple.
  2599 | D:4      | Noticed a centaur
  2607 | Temple   | Entered the Ecumenical Temple
  2614 | Temple   | Shot with an arrow by a centaur

Skill      XL: |  1  2  3  4  5 |
---------------+----------------+-----
Invocations    | 1 |  1.8
Fighting       | 1 |  1.6
Short Blades   | 1 |  1.6
Axes           | 1 |  1.6
Maces & Flails | 1 |  1.6
Polearms       | 1 |  1.6
Slings         | 1 |  1.6
Bows           | 1 |  1.6
Crossbows      | 1 |  1.6
Armour         | 1 |  1.6
Shields        | 1 |  1.6
Unarmed Combat | 1 |  1.6
Spellcasting   | 1 |  1.6
Conjurations   | 1 |  1.3
Hexes          | 1 |  1.3
Charms         | 1 |  1.3
Summonings     | 1 |  1.3
Necromancy     | 1 |  1.3
Translocations | 1 |  1.3
Transmutations | 1 |  1.3
Fire Magic     | 1 |  1.3
Ice Magic      | 1 |  1.3
Air Magic      | 1 |  1.3
Earth Magic    | 1 |  1.3
Poison Magic   | 1 |  1.3
Staves         | 3 |  3.0
Throwing       | 3 |  3.0
Dodging        | 3 |  3.0
Evocations     | 3 |  3.0
Long Blades    | |  6.7
Stealth        | |  6.7

Action                   |  1- 3 |  4- 6 || total
-------------------------+-------+-------++-------
Melee: Falchion          |    72 |    71 ||   143
       Bite              |     2 |     7 ||     9
Throw: Stone             |       |     1 ||     1
  Use: Potion            |       |     1 ||     1
 Stab: Sleeping          |    17 |       ||    17
  Eat: Chunk             |     3 |     5 ||     8
Armor: Plate armour      |     6 |    35 ||    41
       Robe              |     6 |       ||     6
Dodge: Dodged            |    33 |    16 ||    49
Block: Other             |     2 |     3 ||     5
